 Dungeon Crawl Stone Soup version 0.23.0 (webtiles) character file.

Game seed: 15168194966307954274

9779 Oravi the Cleaver (level 11, -3/145 HPs)
             Began as a Hill Orc Fighter on Feb 8, 2019.
             Was an Elder of the Shining One.
             Slain by Snorg (5 damage)
             ... on level 11 of the Dungeon.
             The game lasted 00:46:26 (10616 turns).

Oravi the Cleaver (Hill Orc Fighter)               Turns: 10616, Time: 00:46:27

Health: -3/145     AC: 25    Str: 34    XL:     11   Next: 51%
Magic:  14/14      EV:  2    Int:  5    God:    the Shining One [****..]
Gold:   524        SH:  0    Dex: 10    Spells: 10/10 levels left

rFire    . . .     SeeInvis .   a - +7 war axe "Cebatuugg" {venom, rElec rPois Str+6 Int-3}
rCold    . . .     Gourm    .   c - +1 shield
rNeg     + + +     Faith    .   (armour currently unavailable)
rPois    +         Spirit   .   (helmet currently unavailable)
rElec    +         Reflect  .   (cloak currently unavailable)
rCorr    .         Harm     .   (gloves currently unavailable)
MR       .....     NoTele   +   (boots currently unavailable)
Stlth    +.........             v - amulet of rage
HPRegen  0.34/turn              Z - ring of wizardry
MPRegen  0.14/turn              G - ring of stealth

@: confused, mighty, divine shield, tree-form, hasted, glowing, very quick
A: no striking features
a: Divine Shield, Cleansing Flame, Renounce Religion, Evoke Berserk Rage


You were on level 11 of the Dungeon.
You worshipped the Shining One.
The Shining One was greatly pleased with you.
You were hungry.
You were a tree.
You visited 2 branches of the dungeon, and saw 12 of its levels.

You collected 736 gold pieces.
You spent 212 gold pieces at shops.

Inventory:

Hand Weapons
 a - the +7 war axe "Cebatuugg" (weapon) {venom, rElec rPois Str+6 Int-3}
   (You bought it in a shop on level 6 of the Dungeon)

   It poisons the flesh of those it strikes.
   It affects your strength (+6).
   It affects your intelligence (-3).
   It insulates you from electricity.
   It protects you from poison.
 b - a +0 hunting sling
Missiles
 e - 495 stones
 i - 97 sling bullets
 o - 344 arrows
 s - 69 poisoned needles
 B - 7 javelins (quivered)
 C - 5 tomahawks of returning
 S - 19 tomahawks
 X - 7 needles of paralysis {!f}
Armour
 c - a +1 shield (worn)
 j - a +0 pair of gloves (melded)
 u - a +0 scale mail
 H - a +1 cloak (melded)
 M - a +0 pair of boots (melded)
 O - a +2 chain mail of poison resistance (melded)
Jewellery
 l - an uncursed ring of ice
 v - an amulet of rage (around neck)
 G - a ring of stealth (right branch)
 Q - the ring "Redazof" {rPois Int+5, unknown}
   (You found it on level 8 of the Dungeon)

   [ring of poison resistance]

   It affects your intelligence (+5).
   It protects you from poison.
 T - an uncursed amulet of regeneration {unknown}
 Z - a ring of wizardry (left branch)
Wands
 A - a wand of iceblast (9)
 E - a wand of enslavement (7)
 I - a wand of flame (44)
 Y - a wand of polymorph (7)
Scrolls
 g - 2 scrolls of immolation
 h - a scroll of random uselessness {unknown}
 m - 3 scrolls of enchant armour
 q - 3 scrolls of blinking {unknown}
 x - 4 scrolls of fog
 y - 4 scrolls of enchant weapon
 z - 2 scrolls of remove curse {@r2}
 D - 4 scrolls of amnesia {unknown}
 J - 9 scrolls of teleportation {unknown}
 K - a scroll of identify {@r1}
 N - a scroll of noise {unknown}
 R - 2 scrolls of magic mapping {unknown}
 W - a scroll of vulnerability {unknown}
Potions
 d - a potion of might
 n - 2 potions of magic
 p - 2 potions of brilliance
 r - a potion of resistance
 t - 3 potions of flight
 w - a potion of mutation
 V - a potion of degeneration {unknown}
Comestibles
 f - 18 rations


   Skills:
 + Level 9.5 Fighting
 * Level 13.9 Axes
 + Level 8.0 Armour
 + Level 8.9 Shields
 + Level 5.1 Invocations
 - Level 5.0 Evocations


You had 10 spell levels left.
You didn't know any spells.
Your spell library was empty.

Dungeon Overview and Level Annotations

Branches:
Dungeon (11/15)            Temple (1/1) D:4            Lair (0/6) D:9
    Orc: D:9-12

Altars:
Ashenzari
Cheibriados
Dithmenos
Elyvilon
Fedhas
Gozag
Kikubaaqudgha
Makhleb
Nemelex Xobeh
Okawaru
Qazlal
Ru
Sif Muna
Trog
Uskayaw
Vehumet
Wu Jian
Xom
Yredelemnul
Zin
The Shining One

Shops:
D:6 }?%%(   D:9 *

Annotations:
D:2 1 runed translucent door, Crazy Yiuf
D:11 Snorg


Message History

Okay, then.
You barely miss Snorg.
Snorg is moderately wounded.
You block Snorg's attack. Snorg claws you!
* * * LOW HITPOINT WARNING * * *
Snorg barely misses you.
Really quaff the potion of lignification?
You turn into a tree.
Your roots penetrate the ground.
You block Snorg's attack. x2; Snorg claws you.
* * * LOW HITPOINT WARNING * * *
You are confused.
You feel invigorated. Snorg bites you.
* * * LOW HITPOINT WARNING * * *
Snorg claws you but does no damage. Snorg claws you.
* * * LOW HITPOINT WARNING * * *
Okay, then.
You barely miss Snorg. Snorg bites you.
* * * LOW HITPOINT WARNING * * *
Snorg claws you.
You die...

.o.............##
..(..........##
##(...........#
...#.!.(......#..#
.......((.....##....
.........(....#
......
#.............#
#.....
#..###.....T).#
#.... #. ####..)♣.#
.... # ####### #..#
#..# # #..## ## #
#..#####. ## .......
#..##.... .#
......... ##....##.
. ..........
##..#####. ##
.......... #..## ##


You could see Snorg (berserk).

Vanquished Creatures
  A two-headed ogre (D:8)
  Pikel (D:7)
  A cyclops (D:8)
  Joseph (D:9)
  2 centaur skeletons (D:10)
  3 trolls
  2 hippogriffs
  A vampire (D:8)
  A wyvern (D:10)
  A wraith (D:10)
  2 hungry ghosts
  An acid dragon (D:9)
  A water moccasin (D:9)
  5 ice beasts
  5 orc warriors
  4 sky beasts
  A slave (D:7)
  A phantom (D:6)
  12 centaurs
  A crocodile (D:9)
  6 bullfrogs
  2 gnoll sergeants
  2 scorpions
  Dowan (D:6)
  15 wights
  6 howler monkeys
  6 crimson imps
  2 centaur zombies
  4 hounds
  3 bullfrog skeletons
  4 orc priests
  A jelly (D:9)
  3 iguanas
  11 orc wizards
  8 worker ants
  3 worker ant zombies
  11 gnolls
  14 adders
  4 shadow imps
  An ooze (D:4)
  2 adder skeletons
  7 worms
  2 dart slugs
  3 leopard geckos
  20 orcs
  9 bats
  4 giant cockroaches
  3 goblins
  7 hobgoblins
  7 jackals
  3 quokkas
  A ball python (D:4)
  4 frilled lizards
  A giant cockroach zombie (D:5)
  6 kobolds
  7 rats
240 creatures vanquished.

Notes
Turn   | Place    | Note
-------+----------+-------------------------------------------
     0 | D:1      | Oravi the Hill Orc Fighter began the quest for the Orb.
     0 | D:1      | Reached XP level 1. HP: 19/19 MP: 1/1
     9 | D:1      | Reached skill level 3 in Axes
   324 | D:1      | Reached XP level 2. HP: 26/26 MP: 2/2
   491 | D:1      | Reached skill level 4 in Axes
  1070 | D:2      | Reached XP level 3. HP: 31/31 MP: 3/3
  1241 | D:2      | Found a runed translucent door.
  1242 | D:2      | Noticed Crazy Yiuf
  1707 | D:2      | Reached skill level 5 in Axes
  1990 | D:3      | Reached XP level 4. HP: 20/39 MP: 4/4
  2691 | D:3      | Reached XP level 5. HP: 42/46 MP: 5/5
  2832 | D:3      | Reached skill level 6 in Axes
  3201 | D:4      | Found a staircase to the Ecumenical Temple.
  3218 | Temple   | Entered the Ecumenical Temple
  3310 | Temple   | Became a worshipper of the Shining One
  3534 | D:4      | Reached XP level 6. HP: 27/53 MP: 6/6
  3802 | D:4      | Reached skill level 7 in Axes
  4402 | D:5      | Entered Level 5 of the Dungeon
  4698 | D:5      | Found a burning altar of Makhleb.
  4785 | D:5      | Noticed a sky beast
  4792 | D:5      | Killed a sky beast
  4792 | D:5      | Reached skill level 5 in Fighting
  4792 | D:5      | Reached skill level 5 in Shields
  4792 | D:5      | Reached XP level 7. HP: 61/61 MP: 7/7
  5082 | D:6      | Reached skill level 8 in Axes
  5095 | D:6      | Noticed Dowan
  5144 | D:6      | Killed Dowan
  5269 | D:6      | You fall through a shaft!
  5297 | D:6      | Reached * piety under the Shining One
  5350 | D:6      | Reached XP level 8. HP: 62/70 MP: 8/8
  5395 | D:6      | Reached skill level 9 in Axes
  5427 | D:6      | Found Sobb's Food Boutique.
  5759 | D:6      | Found Veit's Gadget Boutique.
  5829 | D:6      | Found Agips's Magic Scroll Shop.
  6256 | D:6      | Found Idghuc Minka's Antique Weapon Boutique.
  6261 | D:6      | Bought a brightly glowing war axe for 212 gold pieces
  6261 | D:6      | Identified the +7 war axe "Cebatuugg" {venom, rElec rPois
                  | Str+6 Int-3} (You bought it in a shop on level 6 of the
                  | Dungeon)
  6310 | D:6      | Found Cuer's Food Shop.
  6629 | D:7      | Noticed Pikel
  6650 | D:7      | Killed Pikel
  6650 | D:7      | Reached skill level 10 in Axes
  6650 | D:7      | Reached skill level 5 in Armour
  6650 | D:7      | Reached skill level 1 in Evocations
  6650 | D:7      | Reached XP level 9. HP: 79/79 MP: 8/10
  6748 | D:7      | Reached ** piety under the Shining One
  7431 | D:8      | Noticed a cyclops
  7449 | D:8      | Killed a cyclops
  7449 | D:8      | Reached skill level 11 in Axes
  7508 | D:8      | Got a smoking marble ring
  7629 | D:8      | Noticed a two-headed ogre
  7638 | D:8      | Killed a two-headed ogre
  7667 | D:8      | Reached XP level 10. HP: 88/88 MP: 12/12
  7748 | D:8      | Reached skill level 12 in Axes
  8324 | D:9      | Reached skill level 1 in Invocations
  8328 | D:9      | Noticed Joseph
  8345 | D:9      | Killed Joseph
  8352 | D:9      | Found Gaopn's General Store.
  8359 | D:9      | Found a staircase to the Lair.
  8770 | D:9      | Reached *** piety under the Shining One
  8941 | D:10     | Entered Level 10 of the Dungeon
  8949 | D:10     | Reached skill level 13 in Axes
  9026 | D:10     | Reached XP level 11. HP: 72/97 MP: 14/14
  9202 | D:10     | Reached skill level 5 in Evocations
  9358 | D:10     | Reached **** piety under the Shining One
 10532 | D:11     | Reached skill level 5 in Invocations
 10589 | D:11     | Noticed Snorg
 10601 | D:11     | HP: 1/97 [Snorg (7)]
 10601 | D:11     | The Shining One protects you from harm!
 10609 | D:11     | HP: 4/97 [Snorg (8)]
 10614 | D:11     | HP: 6/145 [Snorg (4)]
 10616 | D:11     | HP: 2/145 [Snorg (4)]
 10616 | D:11     | Slain by Snorg

Skill      XL: |  1  2  3  4  5  6  7  8  9 10 11 |
---------------+----------------------------------+-----
Axes           | 3 4 5 6 7 8 10 11 13 | 13.9
Shields        | 4 5 6 7 8 |  8.9
Fighting       | 4 5 7 9 |  9.5
Armour         | 4 5 6 7 8 |  8.0
Evocations     | 1 3 4 5 |  5.0
Invocations    | 3 5 |  5.1

Action                   |  1- 3 |  4- 6 |  7- 9 | 10-12 || total
-------------------------+-------+-------+-------+-------++-------
Melee: War axe           |    95 |   131 |   120 |   218 ||   564
 Fire: Hunting sling     |    59 |   149 |   130 |   223 ||   561
Throw: Stone             |     2 |     1 |     1 |       ||     4
       Tomahawk          |       |       |     2 |     7 ||     9
       Javelin           |       |       |       |     2 ||     2
Invok: Divine Shield     |       |       |       |     1 ||     1
 Abil: Evoke Berserk Rag |       |       |     1 |       ||     1
Evoke: Wand              |       |       |     3 |     2 ||     5
  Use: Scroll            |       |       |    14 |       ||    14
       Potion            |       |       |       |    10 ||    10
  Eat: Chunk             |     3 |     6 |     7 |     6 ||    22
       Ration            |       |     1 |     1 |     1 ||     3
Armor: Scale mail        |    64 |    86 |    55 |     8 ||   213
       Chain mail        |       |       |       |   124 ||   124
       Skin              |       |       |       |     1 ||     1
Dodge: Dodged            |    27 |    51 |    32 |    64 ||   174
Block: Shield            |    55 |    65 |    85 |   209 ||   414
